 Dungeon Crawl Stone Soup version 0.21.0-3-g78d12a8 (webtiles) character file.

61 komo4ek the Sneak (level 3, -33/17 HPs)
             Began as a Spriggan Artificer on Jan 11, 2018.
             Was an Initiate of Nemelex Xobeh.
             Shot themself with a bolt of negative energy (34 damage)
             ... on level 2 of the Dungeon.
             The game lasted 00:04:05 (1349 turns).

komo4ek the Sneak (Spriggan Artificer)              Turns: 1349, Time: 00:04:06

Health: -33/17     AC:  2    Str:  8    XL:     3   Next: 83%
Magic:  7/7        EV: 17    Int: 12    God:    Nemelex Xobeh [......]
Gold:   66         SH:  0    Dex: 17    Spells: 2/2 levels left

rFire    . . .     SeeInvis +   a - +0 short sword
rCold    . . .     Gourm    .   (shield restricted)
rNeg     . . .     Faith    .   m - +0 robe (curse)
rPois    .         Spirit   .   (helmet restricted)
rElec    .         Reflect  .   (no cloak)
rCorr    .         Harm     .   (gloves unavailable)
MR       .....                  (boots unavailable)
Stlth    +++.......             (no amulet)
HPRegen  0.05/turn              (no ring)
MPRegen  0.10/turn              (no ring)

@: lethally poisoned (-33 -> -35), flying, very slightly contaminated, hasted
and slowed, drained, invisible (expiring), very quick
A: very small, unfitting armour, see invisible, herbivore, speed 3, slow
metabolism 2
a: Renounce Religion


You were on level 2 of the Dungeon.
You worshipped Nemelex Xobeh.
Nemelex Xobeh was noncommittal.
You were not hungry.

You visited 1 branch of the dungeon, and saw 2 of its levels.

You collected 66 gold pieces.

Inventory:

Hand Weapons
 a - a +0 short sword (weapon)
Armour
 b - a +0 robe
 m - a cursed +0 robe (worn)
Wands
 c - a wand of flame (5)
 d - a wand of enslavement (15)
 e - a wand of random effects (12)
Scrolls
 g - a scroll of teleportation {unknown}
 i - a scroll of random uselessness {unknown}
 j - a scroll of enchant weapon {unknown}
 n - a scroll of amnesia {unknown}
 o - a scroll of identify {unknown}
Miscellaneous
 h - a legendary deck of destruction {drawn: 1}
Comestibles
 f - 2 rations


   Skills:
 - Level 0.7(0.1) Fighting
 - Level 1.1(0.5) Short Blades
 - Level 3.0(2.3) Dodging
 * Level 6.1(5.4) Stealth
 - Level 4.0(3.3) Evocations


You had 2 spell levels left.
You didn't know any spells.

Dungeon Overview and Level Annotations

Branches:
Dungeon (2/15)

Altars:
Elyvilon
Nemelex Xobeh


Innate Abilities, Weirdness & Mutations

You are very small and have problems with some larger weapons.
You are too small for most types of armour.
You have supernaturally acute eyesight. (SInv)
You are a herbivore.
You cover ground extremely quickly.
You need consume almost no food.


Message History

Nemelex Xobeh grants you a gift! Something appears at your feet!
Found a ball python corpse.
Things that are here:
a legendary deck of destruction; a club
Found a white marble altar of Elyvilon.
Things that are here:
a legendary deck of destruction; a club
h - a legendary deck of destruction You aren't carrying any potions.
Evoke which item? (* to show all) (? for menu, Esc to quit)
You draw a card...
It is Pain.
You have drawn Pain.
Press: ? - help, Shift-Dir - straight line, f - you Really target yourself?
That beam is likely to hit you.
Continue anyway?
The bolt of negative energy hits you!
You feel drained.
Ouch! That really hurt!
You die...
Your body disappears without a glow.

..♣._.♣.†.
.†...... #.
≈..♣..≈ #..
≈...≈
+..###...##
#....>....
#....# #...@#
###
#....###...>
#?##....#..?.#
#.......'.$..+
#######.#....#
#)#....# #.#
..... #.#
..... ####
###.########
#######


There were no monsters in sight!

Vanquished Creatures
  2 adders (D:2)
  An ooze (D:1)
  A worm (D:2)
  2 dart slugs (D:1)
  A leopard gecko (D:1)
  2 bats (D:1)
  3 giant cockroaches (D:1)
  4 goblins
  5 hobgoblins
  3 jackals (D:1)
  A ball python (D:1)
  3 kobolds
  A rat (D:1)
29 creatures vanquished.

Vanquished Creatures (others)
  A quokka (D:2)
  A ball python (D:2)
2 creatures vanquished.

Grand Total: 31 creatures vanquished

Notes
Turn   | Place    | Note
-------+----------+-------------------------------------------
     0 | D:1      | komo4ek the Spriggan Artificer began the quest for the Orb.
     0 | D:1      | Reached XP level 1. HP: 9/9 MP: 4/4
    15 | D:1      | Reached skill level 2 in Stealth
   227 | D:1      | Reached skill level 3 in Stealth
   267 | D:1      | Reached XP level 2. HP: 8/14 MP: 6/6
   710 | D:1      | Reached skill level 4 in Stealth
   921 | D:1      | Reached XP level 3. HP: 17/17 MP: 7/7
   969 | D:1      | Reached skill level 5 in Stealth
  1084 | D:2      | Found a sparkling altar of Nemelex Xobeh.
  1148 | D:2      | Became a worshipper of Nemelex Xobeh the Trickster
  1325 | D:2      | Reached skill level 6 in Stealth
  1345 | D:2      | Received a gift from Nemelex Xobeh
  1346 | D:2      | Found a white marble altar of Elyvilon.
  1349 | D:2      | Shot themself with a bolt of negative energy

Skill      XL: |  1  2  3 |
---------------+----------+-----
Stealth        | 3 4 6 |  6.1
Fighting       | |  0.7
Short Blades   | |  1.1
Dodging        | |  3.0
Evocations     | |  4.0

Action                   || total
-------------------------++-------
Melee: Short sword       ||   108
Evoke: Wand              ||    13
  Use: Potion            ||     3
 Stab: Sleeping          ||     7
       Invisible         ||     1
Armor: Robe              ||    12
Dodge: Dodged            ||    84
